 Dungeon Sprint DCSS version 0.17-a0-1210-g1e4f09d (webtiles) character file.

497210 nuthulu the Gargoyle Barricade (level 20, 157/157 HPs)
             Began as a Gargoyle Fighter on June 3, 2015.
             Was the Champion of Cheibriados.
             Escaped with the Orb!
             The game lasted 00:27:26 (3679 turns).

nuthulu the Gargoyle Barricade (Gargoyle Fighter)   Turns: 3679, Time: 00:27:26

Health: 157/157    AC: 69    Str: 41    XL:     20   Next: 23%
Magic:  30/30      EV: 29    Int: 35    God:    Cheibriados [******]
Gold:   0          SH: 40    Dex: 25    Spells: 0 memorised, 23 levels left

rFire  + + +     SeeInvis +     o - +6 shillelagh "Devastator" {shatter}
rCold  . . .     Clarity  .     J - +15 Maxwell's patent armour {-Cast -Tele rElec MR+ rCorr}
rNeg   + + +     SustAt   .     K - +18 shield of the gong {rElec rN+ MR+ EV-5}
rPois  ∞         Gourm    .     U - +3 crown of Dyrovepreva {rElec Int+2 SInv}
rElec  +         Spirit   .     a - +1 cloak of Classification {rElec rF+ MR+ Int-4}
rCorr  +         Warding  +     Z - +0 pair of gloves of the Oligarchy {rF+}
rMut   .         NoTele   +     V - +1 pair of boots {Stlth+}
MR     +++++     NoCast   +     P - amulet of the Assorted Stars {Ward rElec rN+ MR+ Dex+3}
Stlth  +++.......               Q - +6 ring of protection
                                H - ring of Kuss {rElec rPois rF+ Int+6}

@: studying 2 skills, very slow, almost entirely resistant to hostile
enchantments, fairly stealthy
A: big wings, horns 1, clever 2, clumsy 1, negative energy resistance 1,
electricity resistance, unbreathing, petrification resistance, rot immunity, AC
+15
a: Fly, Bend Time, Temporal Distortion, Slouch, Step From Time, Renounce
Religion
0: Orb of Zot


You escaped.
You worshipped Cheibriados.
Cheibriados was exalted by your worship.
You were not hungry.

You visited 1 branch

Inventory:

Hand weapons
 o - the +6 shillelagh "Devastator" (weapon) {shatter}
   (You found it in the Dungeon)
Armour
 a - the +1 cloak of Classification (worn) {rElec rF+ MR+ Int-4}
   (You found it in the Dungeon)

   It affects your intelligence (-4).
   It protects you from fire.
   It insulates you from electricity.
   It affects your resistance to hostile enchantments.
 J - the +15 Maxwell's patent armour (worn) {-Cast -Tele rElec MR+ rCorr}
   (You found it in the Dungeon)

   It insulates you from electricity.
   It affects your resistance to hostile enchantments.
   It prevents spellcasting.
   It prevents most forms of teleportation.
   It protects you from acid and corrosion.
 K - the +18 shield of the gong (worn) {rElec rN+ MR+ EV-5}
   (You found it in the Dungeon)

   It affects your evasion (-5).
   It insulates you from electricity.
   It protects you from negative energy.
   It affects your resistance to hostile enchantments.
 U - the +3 crown of Dyrovepreva (worn) {rElec Int+2 SInv}
   (You found it in the Dungeon)

   It affects your intelligence (+2).
   It insulates you from electricity.
   It lets you see invisible.
 V - a +1 pair of boots of stealth (worn)
 Z - the +0 pair of gloves of the Oligarchy (worn) {rF+}
   (You found it in the Dungeon)

   It protects you from fire.
Rods
 y - a +2 rod of clouds (12/12)
   (You took it off a necromancer in the Dungeon)
Jewellery
 b - the ring of Shadows {Umbra +Inv rN+ SInv}
   (You found it in the Dungeon)

   [ring of invisibility]

   It protects you from negative energy.
   It lets you see invisible.
   It lets you turn invisible.
 c - an uncursed amulet of regeneration
 D - the cursed necklace of Bloodlust {*Rage +Rage MR+ Str+2 Int-2 Slay+3 *Curse}
   (You found it in the Dungeon)

   [amulet of rage]

   It affects your strength (+2).
   It affects your intelligence (-2).
   It affects your accuracy and damage with ranged weapons and melee attacks
   (+3).
   It affects your resistance to hostile enchantments.
   It lets you go berserk.
   It may make you go berserk in combat.
   It may re-curse itself when equipped.
   It has a curse placed upon it.
 G - an uncursed ring of protection from cold
 H - the ring of Kuss (left hand) {rElec rPois rF+ Int+6}
   (You found it in the Dungeon)

   [ring of intelligence]

   It affects your intelligence (+6).
   It protects you from fire.
   It insulates you from electricity.
   It protects you from poison.
 I - a +6 ring of strength
 L - an uncursed ring of ice
 M - a +2 ring of protection
 N - an uncursed ring of wizardry
 O - an uncursed ring of wizardry
 P - the amulet of the Assorted Stars (around neck) {Ward rElec rN+ MR+ Dex+3}
   (You found it in the Dungeon)

   [amulet of warding]

   It may prevent the melee attacks of summoned creatures.
   It affects your dexterity (+3).
   It insulates you from electricity.
   It protects you from negative energy.
   It affects your resistance to hostile enchantments.
 Q - a +6 ring of protection (right hand)
 R - an uncursed ring of positive energy
 T - a +6 ring of dexterity
 W - a +5 ring of dexterity
 X - the amulet of Spring {rMut rN++}
   (You found it in the Dungeon)

   [amulet of resist mutation]

   It protects you from mutation.
   It greatly protects you from negative energy.
 Y - the ring "Imiyd" {+Fly rPois Int-3 Dex-4 Stlth-}
   (You found it in the Dungeon)

   [ring of loudness]

   It affects your intelligence (-3).
   It affects your dexterity (-4).
   It protects you from poison.
   It lets you fly.
   It makes you less stealthy.
Magical devices
 A - a wand of fire (5)
 B - a wand of cold (5)
 C - a wand of draining (5)
Scrolls
 k - 4 scrolls of blinking
 q - 4 scrolls of amnesia
 r - 3 scrolls of recharging
 s - 9 scrolls of fog
 t - 3 scrolls of holy word
 u - 5 scrolls of identify
 v - 4 scrolls of remove curse
 w - 2 scrolls of fear
 S - 4 scrolls of brand weapon
Potions
 d - 6 potions of might
 f - 9 potions of curing
 g - 7 potions of heal wounds
 h - 8 potions of haste
 i - a potion of magic
 j - 3 potions of berserk rage
 l - 2 potions of brilliance
 m - 2 potions of invisibility
 n - 4 potions of resistance
 p - 6 potions of agility
Books
 E - a manual of Spellcasting
 F - a manual of Polearms
Comestibles
 e - 5 bread rations
 x - 42 fruits
 z - a meat ration


   Skills:
 O Level 27 Fighting
 O Level 27 Maces & Flails
 + Level 2.2 Polearms
 + Level 1.7 Throwing
 O Level 27 Armour
 O Level 27 Dodging
 O Level 27 Stealth
 O Level 27 Shields
 + Level 1.5 Unarmed Combat
 + Level 2.2 Spellcasting
 * Level 13.9 Invocations
 + Level 1.5 Evocations


You had 23 spell levels left.
You didn't know any spells.

Dungeon Overview and Level Annotations

Branches:
Dungeon (1/1)

Altars:
Ashenzari
Cheibriados
Dithmenos
Elyvilon
Fedhas
Gozag
Kikubaaqudgha
Makhleb
Nemelex Xobeh
Okawaru
Qazlal
Ru
Sif Muna
Trog
Vehumet
Xom
Yredelemnul
Zin
The Shining One
Beogh
Jiyva
Lugonu


Innate Abilities, Weirdness & Mutations

You are resistant to torment.
Your stone body is resilient (AC +15).
You are immune to poison.
Your large and strong wings let you fly indefinitely.
You resist negative energy.
You are resistant to electric shocks.
You can survive without breathing.
You are immune to petrification.
You are immune to rotting.
You have a pair of small horns on your head.
Your mind is very acute. (Int +4)
You are clumsy. (Dex -2)


Message History

You feel clever.
H - the ring of Kuss (left hand) {rElec rPois rF+ Int+6} You have 0 gold pieces.
You see here a fan of gales.
You see here a +6 ring of strength.
You see here a plain deck of wonders.
You see here an uncursed staff of death.
You see here a plain deck of wonders.
You see here an uncursed ring of flight.
You start waiting.
An exit appears before you!
Your surroundings seem different!
Found the Orb of Zot.
Found a staircase leading out of the dungeon.
You see here the Orb of Zot.
You pick up the Orb of Zot!
The Orb lets out a hideous shriek!
The lords of Pandemonium are not amused.
Beware!
Cheibriados tells them not to hurry.
Now all you have to do is get back out of the dungeon!
There is a staircase leading out of the dungeon here.
You have escaped!

.)..........▓.....(†......▓...8©8
)...........▓..▓..†....▓..▓..:)}.
.........).)▓.............▓..|:)}
....))......▓.............▓......
.)..\.......▓.............▓......
.....†......▓▓▓▓▓▓▓▓▓▓▓▓▓▓▓......
▓.......▓...▓8888888888888▓......
▓▓.....▓▓▓..▓8...........8▓..▓†..
▓.......▓...▓8..@........8▓......
............▓8...........8▓......
............▓8888888888888▓▓▓▓▓▓▓
▓▓▓▓▓▓▓▓▓▓▓▓▓▓▓▓▓▓▓▓▓▓▓▓▓▓▓▓▓▓▓▓▓
.....8©8........▓........8©8.....
:[P.:[).:)):})).▓.)|.}[=}.|"[.)}.
[):.)}.).)):[[[.▓.:[).|.)|:.)|::[
)[))))[).P))))).▓.})}|.))|)).:.}.
.)).).)|)))).)..▓.......)))):....


There were no monsters in sight!

Vanquished Creatures
  An ancient lich (D)
  3 orbs of fire (D)
  A golden dragon (D)
  2 bone dragons (D)
  2 liches (D)
  A tentacled monstrosity (D)
  A Hell Sentinel (D)
  An Orb Guardian (D)
  3 deep elf blademasters (D)
  6 deep elf master archers (D)
  5 Shadow Fiends (D)
  3 quicksilver dragons (D)
  A kraken (D)
  2 thorn hunters (D)
  19 shadow dragons (D)
  A draconian monk (D)
  A storm dragon (D)
  A greater naga (D)
  7 fire giants (D)
  7 balrugs (D)
  3 iron dragons (D)
  A draconian shifter (D)
  3 deep elf sorcerers (D)
  An orc warlord (D)
  A draconian annihilator (D)
  14 ghouls (D)
  An emperor scorpion (D)
  8 spriggan defenders (D)
  2 vampire knights (D)
  2 stone giants (D)
  5 reapers (D)
  8 green draconians (D)
  3 black draconians (D)
  2 dire elephants (D)
  4 mottled draconians (D)
  4 white draconians (D)
  3 purple draconians (D)
  3 deep elf annihilators (D)
  4 red draconians (D)
  3 yellow draconians (D)
  A vault guard (D)
  A deep elf death mage (D)
  5 fire dragons (D)
  4 crystal guardians (D)
  2 merfolk javelineers (D)
  4 deep elf high priests (D)
  3 merfolk impalers (D)
  An entropy weaver (D)
  3 ice dragons (D)
  4 hydras (D)
  3 naga warriors (D)
  8 spriggan air magi (D)
  2 merfolk aquamancers (D)
  4 anacondas (D)
  A satyr (D)
  6 spriggan berserkers (D)
  7 hell hogs (D)
  An orc high priest (D)
  19 soul eaters (D)
  3 iron golems (D)
  8 skeletal warriors (D)
  5 deep elf knights (D)
  A fire crab (D)
  A sea snake (D)
  5 spriggan druids (D)
  A deep elf summoner (D)
  An oklob plant (D)
  2 swamp dragons (D)
  A necromancer (D)
  An orc knight (D)
  3 deep elf conjurers (D)
  An orb spider (D)
  4 orc sorcerers (D)
  A wolf spider (D)
  2 manticores (D)
  A sixfirhy (D)
  An ugly thing (D)
  2 hornets (D)
  3 rust devils (D)
  A siren (D)
  An elephant (D)
  2 water nymphs (D)
  2 black mambas (D)
  2 guardian serpents (D)
  A spiny frog (D)
  5 naga magi (D)
  A gargoyle (D)
  A hellion (D)
  7 efreet (D)
  6 fire drakes (D)
  A komodo dragon (D)
  A demonic crawler (D)
  6 tormentors (D)
  A dryad (D)
  4 blue devils (D)
  3 deep elf priests (D)
  A merfolk (D)
  7 fire vortices (D)
  A jumping spider (D)
  A wind drake (shapeshifter) (D)
  4 freezing wraiths (D)
  4 wind drakes (D)
  A polar bear (D)
  A troll (D)
  A raven (shapeshifter) (D)
  A snapping turtle (D)
  4 shadows (D)
  9 deep elf magi (D)
  3 redbacks (D)
  5 wyverns (D)
  3 yaks (D)
  3 trapdoor spiders (D)
  5 deep elf fighters (D)
  2 wraiths (D)
  3 spriggans (D)
  A tarantella (D)
  4 vampires (D)
  A golden eye (shapeshifter) (D)
  6 fire elementals (D)
  A mottled dragon (D)
  2 steam dragons (D)
  A mottled dragon (shapeshifter) (D)
  4 nagas (D)
  3 wolves (D)
  7 hell hounds (D)
  7 swamp drakes (D)
  A necrophage (D)
  A porcupine (D)
  A swamp drake (shapeshifter) (D)
  2 ice beasts (D)
  A water moccasin (D)
  2 orc warriors (D)
  A black bear (shapeshifter) (D)
  An ogre (D)
  A giant frog (D)
  5 earth elementals (D)
  A wight (D)
  4 iron imps (D)
  A hell rat (D)
  3 adders (D)
  A river rat (D)
  16 adder zombies (D)
  8 adder skeletons (D)
  A worm (shapeshifter) (D)
  7 orcs (D)
  5 ball pythons (D)
  A bat simulacrum (D)
  5 bat skeletons (D)
  12 bat zombies (D)
  A jackal (D)
  3 ball python skeletons (D)
  3 ball python zombies (D)
  5 giant cockroach zombies (D)
  2 giant gecko skeletons (D)
  6 giant gecko zombies (D)
  A jackal skeleton (D)
  2 jackal zombies (D)
  A quokka simulacrum (D)
  3 quokka skeletons (D)
  4 quokka zombies (D)
  A butterfly (D)
  A fungus (D)
  A lost soul (D)
525 creatures vanquished.

Vanquished Creatures (others)
  A deep elf blademaster (D)
  A deep elf sorcerer (D)
  A white draconian (D)
  A fire crab (shapeshifter) (D)
  2 fire drakes (D)
  An iron imp (D)
  A mummy (D)
  A fungus (D)
  4 tentacles (D)
  251 tentacle segments (D)
264 creatures vanquished.

Grand Total: 789 creatures vanquished

Notes
Turn   | Place    | Note
--------------------------------------------------------------
     0 | D        | nuthulu the Gargoyle Fighter began the quest for the Orb.
     0 | D        | Reached XP level 1. HP: 14/14 MP: 1/1
     0 | D        | Found a roughly hewn altar of Beogh.
     0 | D        | Found a corrupted altar of Lugonu.
     0 | D        | Found a viscous altar of Jiyva.
     0 | D        | Found a white marble altar of Elyvilon.
     0 | D        | Found a sparkling altar of Nemelex Xobeh.
     0 | D        | Found a burning altar of Makhleb.
     0 | D        | Found an iron altar of Okawaru.
     0 | D        | Found a deep blue altar of Sif Muna.
     0 | D        | Found a radiant altar of Vehumet.
     0 | D        | Found a bloodstained altar of Trog.
     0 | D        | Found a shimmering altar of Xom.
    79 | D        | Reached skill level 4 in Fighting
    79 | D        | Reached XP level 2. HP: 17/20 MP: 2/4
   134 | D        | Became a worshipper of Cheibriados the Contemplative
   197 | D        | Entered arena 1.
   197 | D        | Noticed a raven
   197 | D        | Noticed a golden eye
   199 | D        | Killed a raven
   199 | D        | Reached skill level 7 in Fighting
   199 | D        | Reached XP level 3. HP: 23/28 MP: 5/5
   199 | D        | Reached XP level 4. HP: 27/34 MP: 6/6
   199 | D        | Reached XP level 5. HP: 30/38 MP: 7/7
   200 | D        | Killed a golden eye
   200 | D        | Acquired Cheibriados's first power
   200 | D        | Reached skill level 8 in Fighting
   200 | D        | Reached XP level 6. HP: 33/45 MP: 8/8
   282 | D        | Gained mutation: You have a pair of small horns on your head. [mutagenic meat]
   283 | D        | Gained mutation: Your mind is acute. (Int +2) [mutagenic meat]
   284 | D        | Gained mutation: Your mind is very acute. (Int +4) [mutagenic meat]
   288 | D        | Entered arena 2.
   288 | D        | Noticed a swamp drake
   288 | D        | Noticed a swamp drake
   288 | D        | Noticed a fire drake
   296 | D        | Killed a fire drake
   296 | D        | Reached skill level 9 in Fighting
   296 | D        | Reached skill level 5 in Maces & Flails
   296 | D        | Reached XP level 7. HP: 29/51 MP: 9/9
   299 | D        | Killed a swamp drake
   299 | D        | Killed a swamp drake
   299 | D        | Reached skill level 10 in Armour
   299 | D        | Reached skill level 10 in Shields
   427 | D        | Entered arena 3.
   430 | D        | Acquired Cheibriados's second power
   442 | D        | Entered arena 4.
   442 | D        | Noticed a fire drake
   442 | D        | Noticed a fire drake
   442 | D        | Noticed a fire drake
   442 | D        | Noticed a swamp drake
   453 | D        | Killed a fire drake
   453 | D        | Reached skill level 10 in Fighting
   453 | D        | Reached XP level 8. HP: 57/57 MP: 10/10
   460 | D        | Killed a fire drake
   460 | D        | Reached skill level 11 in Shields
   465 | D        | Killed a fire drake
   466 | D        | Killed a swamp drake
   466 | D        | Acquired Cheibriados's third power
   583 | D        | Entered arena 5.
   583 | D        | Noticed a black bear
   583 | D        | Noticed a swamp drake
   583 | D        | Noticed a cyan ugly thing
   583 | D        | Noticed a mottled dragon
   587 | D        | Killed a cyan ugly thing
   587 | D        | Reached skill level 12 in Shields
   587 | D        | Reached skill level 5 in Invocations
   587 | D        | Reached XP level 9. HP: 46/64 MP: 11/13
   587 | D        | Killed a black bear
   587 | D        | Acquired Cheibriados's fourth power
   589 | D        | Killed a mottled dragon
   590 | D        | Killed a swamp drake
   621 | D        | Entered arena 6.
   621 | D        | Noticed a deep elf knight
   621 | D        | Noticed a deep elf death mage
   621 | D        | Noticed an orc sorcerer
   621 | D        | Noticed a deep elf fighter
   621 | D        | Noticed an orc sorcerer
   624 | D        | Killed a deep elf fighter
   624 | D        | Killed an orc sorcerer
   624 | D        | Reached skill level 13 in Shields
   626 | D        | Noticed a red devil
   626 | D        | Killed an orc sorcerer
   631 | D        | Killed a deep elf death mage
   631 | D        | Reached skill level 14 in Shields
   631 | D        | Reached XP level 10. HP: 65/71 MP: 4/16
   631 | D        | Killed a deep elf knight
   705 | D        | Entered arena 7.
   705 | D        | Noticed a wolf
   705 | D        | Noticed a wolf
   705 | D        | Noticed a spriggan druid
   705 | D        | Noticed a spriggan
   705 | D        | Noticed a spriggan
   705 | D        | Noticed a spriggan
   706 | D        | Killed a spriggan
   706 | D        | Killed a spriggan
   706 | D        | Killed a spriggan
   706 | D        | Killed a wolf
   706 | D        | Killed a wolf
   708 | D        | Killed a spriggan druid
   708 | D        | Reached skill level 15 in Shields
   708 | D        | Reached skill level 10 in Invocations
   733 | D        | Entered arena 8.
   733 | D        | Noticed a stone giant
   733 | D        | Noticed a fire crab
   733 | D        | Noticed a freezing wraith
   733 | D        | Noticed an orc knight
   733 | D        | Noticed a vault guard
   733 | D        | Noticed a fire crab
   736 | D        | Killed a freezing wraith
   736 | D        | Killed a fire crab
   736 | D        | Killed a fire crab
   736 | D        | Reached XP level 11. HP: 76/76 MP: 2/19
   738 | D        | Killed a vault guard
   740 | D        | Killed a stone giant
   742 | D        | Killed an orc knight
   742 | D        | Reached skill level 16 in Shields
   752 | D        | Got the amulet of the Assorted Stars {Ward rElec rN+ MR+ Dex+3}
   830 | D        | Entered arena 9.
   830 | D        | Noticed a blue devil
   830 | D        | Noticed a freezing wraith
   830 | D        | Noticed a blue devil
   830 | D        | Noticed a freezing wraith
   830 | D        | Noticed an ice beast
   830 | D        | Noticed a freezing wraith
   830 | D        | Noticed a polar bear
   835 | D        | Killed an ice beast
   836 | D        | Killed a polar bear
   837 | D        | Killed a freezing wraith
   837 | D        | Killed a freezing wraith
   837 | D        | Killed a blue devil
   840 | D        | Killed a blue devil
   840 | D        | Killed a freezing wraith
   917 | D        | Entered arena 10.
   917 | D        | Noticed a komodo dragon
   917 | D        | Noticed a water moccasin
   917 | D        | Noticed a spiny frog
   917 | D        | Noticed a yak
   917 | D        | Noticed a four-headed hydra
   917 | D        | Noticed a porcupine
   917 | D        | Noticed a giant frog
   918 | D        | Killed a giant frog
   918 | D        | Killed a water moccasin
   918 | D        | Killed a porcupine
   918 | D        | Reached skill level 5 in Dodging
   919 | D        | Killed a spiny frog
   920 | D        | Killed a komodo dragon
   920 | D        | Killed a yak
   922 | D        | Killed a four-headed hydra
   990 | D        | Entered arena 11.
   990 | D        | Noticed a fire drake
   990 | D        | Noticed a wyvern
   990 | D        | Noticed a wyvern
   990 | D        | Noticed a fire dragon
   990 | D        | Noticed a steam dragon
   991 | D        | Killed a wyvern
   991 | D        | Killed a wyvern
   991 | D        | Reached skill level 10 in Maces & Flails
   992 | D        | Noticed a swamp drake
   992 | D        | Noticed a mottled dragon
   992 | D        | Noticed a seven-headed hydra
   992 | D        | Noticed a swamp dragon
   992 | D        | Killed a fire drake
   992 | D        | Reached skill level 17 in Shields
   992 | D        | Killed a steam dragon
   993 | D        | Noticed a swamp dragon
   993 | D        | Killed a swamp drake
   994 | D        | Killed a mottled dragon
   994 | D        | Reached XP level 12. HP: 84/84 MP: 6/22
   998 | D        | Killed a seven-headed hydra
  1000 | D        | Killed a fire dragon
  1001 | D        | Killed a swamp dragon
  1005 | D        | Killed a swamp dragon
  1094 | D        | Entered arena 12.
  1094 | D        | Noticed a shadow dragon
  1094 | D        | Noticed a ghoul
  1094 | D        | Noticed a ghoul
  1094 | D        | Noticed a shadow dragon
  1101 | D        | Killed a ghoul
  1101 | D        | Reached skill level 18 in Shields
  1104 | D        | Killed a ghoul
  1118 | D        | Killed a shadow dragon
  1121 | D        | Killed a shadow dragon
  1121 | D        | Reached skill level 19 in Shields
  1151 | D        | Entered arena 13.
  1223 | D        | Noticed a wolf spider
  1223 | D        | Noticed a hornet
  1223 | D        | Noticed an orb spider
  1223 | D        | Noticed a jumping spider
  1224 | D        | Noticed a tarantella
  1224 | D        | Noticed an emperor scorpion
  1224 | D        | Noticed a hornet
  1224 | D        | Noticed an entropy weaver
  1224 | D        | Noticed a trapdoor spider
  1224 | D        | Noticed a trapdoor spider
  1224 | D        | Noticed a demonic crawler
  1225 | D        | Noticed a trapdoor spider
  1225 | D        | Killed a hornet
  1225 | D        | Killed a tarantella
  1225 | D        | Killed a jumping spider
  1225 | D        | Killed a trapdoor spider
  1225 | D        | Killed a trapdoor spider
  1226 | D        | Killed a wolf spider
  1226 | D        | Killed a hornet
  1226 | D        | Killed a trapdoor spider
  1226 | D        | Reached XP level 13. HP: 90/90 MP: 17/23
  1226 | D        | Killed a demonic crawler
  1226 | D        | Killed an orb spider
  1233 | D        | Killed an entropy weaver
  1233 | D        | Reached skill level 20 in Shields
  1234 | D        | Killed an emperor scorpion
  1245 | D        | Got the cursed ring of Intercession {rF+ EV-3}
  1253 | D        | Got the ring "Dusu Noxt" {Ice Int+4}
  1257 | D        | Got the amulet of Spring {rMut rN++}
  1345 | D        | Entered arena 14.
  1346 | D        | Noticed a five-headed hydra
  1346 | D        | Noticed a swamp drake
  1346 | D        | Noticed an ice dragon
  1346 | D        | Noticed a swamp drake
  1346 | D        | Noticed a swamp drake
  1346 | D        | Noticed a fire dragon
  1347 | D        | Noticed a wyvern
  1347 | D        | Noticed a six-headed hydra
  1347 | D        | Noticed a wyvern
  1347 | D        | Noticed a steam dragon
  1347 | D        | Noticed an ice dragon
  1347 | D        | Noticed a wyvern
  1347 | D        | Noticed an ice dragon
  1349 | D        | Killed a wyvern
  1349 | D        | Reached skill level 10 in Dodging
  1349 | D        | Killed a wyvern
  1349 | D        | Killed a wyvern
  1350 | D        | Killed a swamp drake
  1350 | D        | Killed a swamp drake
  1350 | D        | Killed a swamp drake
  1350 | D        | Killed a steam dragon
  1350 | D        | Reached skill level 1 in Stealth
  1352 | D        | Killed a five-headed hydra
  1352 | D        | Killed a six-headed hydra
  1352 | D        | Reached skill level 21 in Shields
  1357 | D        | Killed an ice dragon
  1361 | D        | Killed an ice dragon
  1361 | D        | Killed an ice dragon
  1361 | D        | Killed a fire dragon
  1370 | D        | Got the cursed +0 pair of gloves of the Oligarchy {rF+}
  1505 | D        | Entered arena 15.
  1506 | D        | Noticed an orc sorcerer
  1506 | D        | Noticed an orc high priest
  1506 | D        | Noticed an orc warrior
  1506 | D        | Noticed an orc warrior
  1507 | D        | Noticed an orc warlord
  1507 | D        | Noticed an ogre
  1508 | D        | Noticed a troll
  1508 | D        | Killed an orc warrior
  1508 | D        | Killed an ogre
  1508 | D        | Killed an orc sorcerer
  1509 | D        | Killed an orc high priest
  1509 | D        | Reached skill level 22 in Shields
  1509 | D        | Killed an orc warrior
  1509 | D        | Killed a troll
  1518 | D        | Killed an orc warlord
  1518 | D        | Reached skill level 15 in Armour
  1600 | D        | Entered arena 16.
  1603 | D        | Noticed a white draconian
  1603 | D        | Noticed a yellow draconian
  1603 | D        | Noticed a red draconian
  1603 | D        | Noticed a black draconian
  1603 | D        | Noticed a mottled draconian
  1603 | D        | Noticed a red draconian
  1603 | D        | Noticed a red draconian
  1604 | D        | Noticed a white draconian
  1604 | D        | Noticed a green draconian
  1604 | D        | Noticed a black draconian
  1604 | D        | Noticed a green draconian
  1604 | D        | Noticed a yellow draconian monk
  1604 | D        | Noticed a black draconian
  1606 | D        | Noticed a red draconian
  1608 | D        | Noticed a purple draconian
  1609 | D        | Killed a red draconian
  1609 | D        | Killed a black draconian
  1609 | D        | Reached skill level 5 in Stealth
  1609 | D        | Killed a yellow draconian
  1609 | D        | Killed a white draconian
  1609 | D        | Killed a green draconian
  1609 | D        | Reached skill level 23 in Shields
  1609 | D        | Killed a red draconian
  1609 | D        | Killed a white draconian
  1609 | D        | Gained mutation: Your large and strong wings let you fly indefinitely. [Gargoyle growth]
  1609 | D        | Reached XP level 14. HP: 93/96 MP: 19/24
  1610 | D        | Killed a green draconian
  1610 | D        | Killed a mottled draconian
  1610 | D        | Killed a red draconian
  1610 | D        | Reached skill level 10 in Stealth
  1610 | D        | Killed a black draconian
  1611 | D        | Killed a black draconian
  1611 | D        | Reached skill level 24 in Shields
  1611 | D        | Killed a yellow draconian monk
  1611 | D        | Killed a red draconian
  1615 | D        | Killed a purple draconian
  1680 | D        | Entered arena 17.
  1683 | D        | Noticed a merfolk
  1683 | D        | Noticed a kraken
  1683 | D        | Noticed a merfolk aquamancer
  1683 | D        | Noticed a water nymph
  1683 | D        | Noticed a wind drake
  1683 | D        | Noticed a merfolk impaler
  1683 | D        | Noticed a water nymph
  1683 | D        | Noticed a sea snake
  1683 | D        | Noticed a merfolk javelineer
  1683 | D        | Noticed a merfolk impaler
  1683 | D        | Noticed a siren
  1683 | D        | Noticed a merfolk javelineer
  1683 | D        | Noticed a satyr
  1684 | D        | Noticed a merfolk impaler
  1684 | D        | Noticed a manticore
  1684 | D        | Noticed a manticore
  1685 | D        | Noticed a merfolk aquamancer
  1685 | D        | Noticed a snapping turtle
  1686 | D        | Killed a water nymph
  1686 | D        | Killed a water nymph
  1686 | D        | Killed a wind drake
  1686 | D        | Killed a manticore
  1686 | D        | Killed a siren
  1686 | D        | Killed a manticore
  1687 | D        | Killed a sea snake
  1687 | D        | Killed a merfolk javelineer
  1687 | D        | Killed a merfolk impaler
  1687 | D        | Reached skill level 25 in Shields
  1687 | D        | Killed a merfolk javelineer
  1689 | D        | Killed a merfolk impaler
  1690 | D        | Killed a merfolk impaler
  1691 | D        | Killed a merfolk
  1695 | D        | Killed a merfolk aquamancer
  1695 | D        | Killed a kraken
  1698 | D        | Killed a satyr
  1698 | D        | Killed a merfolk aquamancer
  1713 | D        | Killed a snapping turtle
  1769 | D        | Entered arena 18.
  1772 | D        | Noticed an earth elemental
  1772 | D        | Noticed a crystal guardian
  1772 | D        | Noticed a quicksilver dragon
  1772 | D        | Noticed a stone giant
  1772 | D        | Noticed a crystal guardian
  1772 | D        | Noticed an earth elemental
  1772 | D        | Noticed an iron dragon
  1772 | D        | Noticed an iron golem
  1772 | D        | Noticed a crystal guardian
  1772 | D        | Noticed a quicksilver dragon
  1773 | D        | Noticed an earth elemental
  1773 | D        | Noticed an earth elemental
  1773 | D        | Noticed a gargoyle
  1773 | D        | Noticed an earth elemental
  1773 | D        | Noticed an iron golem
  1773 | D        | Noticed an iron dragon
  1774 | D        | Noticed an iron dragon
  1774 | D        | Killed a gargoyle
  1775 | D        | Noticed a quicksilver dragon
  1775 | D        | Killed a quicksilver dragon
  1775 | D        | Reached skill level 26 in Shields
  1775 | D        | Killed a quicksilver dragon
  1775 | D        | Reached skill level 15 in Fighting
  1775 | D        | Reached skill level 15 in Stealth
  1776 | D        | Noticed an iron golem
  1776 | D        | Killed a crystal guardian
  1776 | D        | Killed a crystal guardian
  1776 | D        | Reached XP level 15. HP: 100/103 MP: 9/25
  1776 | D        | Killed a crystal guardian
  1777 | D        | Noticed a crystal guardian
  1781 | D        | Killed an iron golem
  1781 | D        | Killed an earth elemental
  1788 | D        | Killed a quicksilver dragon
  1790 | D        | Killed an earth elemental
  1790 | D        | Killed an earth elemental
  1794 | D        | Killed a crystal guardian
  1796 | D        | Killed an earth elemental
  1800 | D        | Killed a stone giant
  1800 | D        | Killed an iron dragon
  1800 | D        | Reached skill level 27 in Shields
  1802 | D        | Killed an earth elemental
  1806 | D        | Killed an iron golem
  1810 | D        | Killed an iron golem
  1814 | D        | Killed an iron dragon
  1816 | D        | Killed an iron dragon
  1890 | D        | Got the +1 cloak of Classification {rElec rF+ MR+ Int-4}
  1952 | D        | Entered arena 19.
  1957 | D        | Noticed a white draconian
  1957 | D        | Noticed a purple draconian
  1957 | D        | Noticed a mottled draconian
  1957 | D        | Noticed a mottled draconian annihilator
  1957 | D        | Noticed a mottled draconian
  1957 | D        | Noticed a green draconian
  1957 | D        | Noticed a yellow draconian
  1957 | D        | Noticed a golden dragon
  1957 | D        | Noticed a green draconian
  1957 | D        | Noticed a white draconian
  1957 | D        | Noticed a storm dragon
  1958 | D        | Noticed a green draconian
  1958 | D        | Noticed a mottled draconian shifter
  1958 | D        | Noticed a tentacled monstrosity
  1959 | D        | Noticed a green draconian
  1959 | D        | Noticed a yellow draconian
  1959 | D        | Noticed a white draconian
  1960 | D        | Noticed a purple draconian
  1960 | D        | Noticed a green draconian
  1960 | D        | Noticed a mottled draconian
  1961 | D        | Noticed a green draconian
  1961 | D        | Identified a +3 rod of destruction (8/12)
  1963 | D        | Noticed an Orb Guardian
  1963 | D        | Killed a mottled draconian
  1963 | D        | Killed a storm dragon
  1963 | D        | Killed a purple draconian
  1963 | D        | Killed a mottled draconian annihilator
  1965 | D        | Killed a white draconian
  1965 | D        | Killed a white draconian
  1965 | D        | Killed a green draconian
  1965 | D        | Killed a green draconian
  1965 | D        | Killed a mottled draconian
  1966 | D        | Killed a tentacled monstrosity
  1966 | D        | Killed a mottled draconian
  1966 | D        | Killed a green draconian
  1966 | D        | Killed a yellow draconian
  1966 | D        | Killed an Orb Guardian
  1966 | D        | Killed a golden dragon
  1966 | D        | Killed a white draconian
  1966 | D        | Reached skill level 15 in Maces & Flails
  1966 | D        | Reached XP level 16. HP: 42/112 MP: 20/26
  1967 | D        | Killed a green draconian
  1967 | D        | Killed a yellow draconian
  1967 | D        | Killed a purple draconian
  1967 | D        | Killed a green draconian
  1967 | D        | Killed a mottled draconian shifter
  1970 | D        | Killed a green draconian
  2195 | D        | Entered arena 20.
  2199 | D        | Noticed an anaconda
  2199 | D        | Noticed a guardian serpent
  2199 | D        | Noticed a naga
  2200 | D        | Noticed a black mamba
  2200 | D        | Noticed a naga
  2200 | D        | Noticed a naga mage
  2200 | D        | Noticed a naga mage
  2200 | D        | Noticed an anaconda
  2200 | D        | Noticed a greater naga
  2200 | D        | Noticed a naga
  2200 | D        | Noticed a naga warrior
  2200 | D        | Noticed a black mamba
  2200 | D        | Noticed a naga mage
  2201 | D        | Noticed an anaconda
  2201 | D        | Noticed a naga warrior
  2201 | D        | Noticed an anaconda
  2201 | D        | Noticed a naga mage
  2201 | D        | Noticed a naga mage
  2201 | D        | Noticed a naga warrior
  2201 | D        | Noticed a guardian serpent
  2201 | D        | Noticed a naga
  2202 | D        | Killed a black mamba
  2203 | D        | Killed an anaconda
  2203 | D        | Killed an anaconda
  2203 | D        | Killed an anaconda
  2203 | D        | Killed an anaconda
  2203 | D        | Killed a guardian serpent
  2203 | D        | Killed a guardian serpent
  2203 | D        | Killed a black mamba
  2204 | D        | Killed a naga
  2205 | D        | Killed a naga
  2205 | D        | Killed a naga mage
  2205 | D        | Killed a naga mage
  2206 | D        | Killed a naga
  2206 | D        | Killed a naga mage
  2208 | D        | Killed a greater naga
  2211 | D        | Killed a naga mage
  2213 | D        | Killed a naga warrior
  2215 | D        | Killed a naga mage
  2215 | D        | Killed a naga warrior
  2216 | D        | Killed a naga warrior
  2221 | D        | Killed a naga
  2341 | D        | Entered arena 21.
  2341 | D        | Noticed a vampire
  2341 | D        | Noticed a vampire knight
  2342 | D        | Noticed a vampire
  2345 | D        | Noticed a wight
  2345 | D        | Killed a vampire
  2345 | D        | Killed a vampire
  2345 | D        | Killed a wight
  2346 | D        | Noticed a vampire knight
  2347 | D        | Noticed a lich
  2347 | D        | Noticed a shadow
  2347 | D        | Noticed a ghoul
  2348 | D        | Noticed a ghoul
  2348 | D        | Noticed a ghoul
  2348 | D        | Noticed an ancient lich
  2348 | D        | Noticed a skeletal warrior
  2348 | D        | Noticed a shadow
  2348 | D        | Noticed a skeletal warrior
  2350 | D        | Noticed a ghoul
  2350 | D        | Noticed a vampire
  2350 | D        | Noticed a necromancer
  2351 | D        | Killed a shadow
  2351 | D        | Identified a +9 rod of destruction (8/12)
  2352 | D        | Noticed a shadow
  2352 | D        | Noticed a lich
  2352 | D        | Noticed a skeletal warrior
  2353 | D        | Noticed a shadow
  2353 | D        | Noticed a skeletal warrior
  2353 | D        | Killed a vampire knight
  2353 | D        | Reached skill level 15 in Dodging
  2353 | D        | Killed a vampire knight
  2353 | D        | Killed a vampire
  2353 | D        | Killed a shadow
  2353 | D        | Killed a shadow
  2354 | D        | Killed a skeletal warrior
  2354 | D        | Killed a shadow
  2354 | D        | Killed a skeletal warrior
  2354 | D        | Killed a necromancer
  2355 | D        | Noticed a Shadow Fiend
  2355 | D        | Killed a lich
  2356 | D        | Killed a ghoul
  2360 | D        | Killed an ancient lich
  2360 | D        | Killed a skeletal warrior
  2360 | D        | Killed a skeletal warrior
  2363 | D        | Killed a lich
  2364 | D        | Killed a ghoul
  2366 | D        | Killed a ghoul
  2368 | D        | Killed a ghoul
  2419 | D        | Entered arena 22.
  2426 | D        | Noticed a reaper
  2426 | D        | Noticed an iron imp
  2426 | D        | Noticed an iron imp
  2426 | D        | Noticed a hell hound
  2426 | D        | Noticed a tormentor
  2426 | D        | Noticed a reaper
  2426 | D        | Noticed a blue devil
  2426 | D        | Noticed a skeletal warrior
  2426 | D        | Noticed a rust devil
  2427 | D        | Noticed a tormentor
  2427 | D        | Noticed a blue devil
  2427 | D        | Noticed a tormentor
  2427 | D        | Noticed a tormentor
  2427 | D        | Noticed a tormentor
  2427 | D        | Noticed an iron imp
  2427 | D        | Noticed a rust devil
  2427 | D        | Noticed a rust devil
  2427 | D        | Noticed an iron imp
  2428 | D        | Noticed a skeletal warrior
  2428 | D        | Noticed a reaper
  2428 | D        | Noticed a Hell Sentinel
  2428 | D        | Noticed a tormentor
  2428 | D        | Noticed a reaper
  2429 | D        | Killed a tormentor
  2429 | D        | Killed a tormentor
  2429 | D        | Killed a tormentor
  2429 | D        | Reached XP level 17. HP: 122/122 MP: 21/27
  2429 | D        | Killed a tormentor
  2429 | D        | Killed a hell hound
  2429 | D        | Killed an iron imp
  2429 | D        | Killed an iron imp
  2429 | D        | Killed an iron imp
  2429 | D        | Killed a tormentor
  2430 | D        | Killed a blue devil
  2430 | D        | Killed a blue devil
  2430 | D        | Killed a skeletal warrior
  2430 | D        | Killed a rust devil
  2430 | D        | Killed a rust devil
  2430 | D        | Killed a rust devil
  2431 | D        | Killed a skeletal warrior
  2431 | D        | Killed a reaper
  2431 | D        | Killed a tormentor
  2431 | D        | Killed an iron imp
  2432 | D        | Killed a reaper
  2432 | D        | Killed a reaper
  2432 | D        | Killed a reaper
  2433 | D        | Noticed an iron imp
  2437 | D        | Killed an iron imp
  2442 | D        | Killed a Hell Sentinel
  2446 | D        | Got the ring "Imiyd" {+Fly rPois Int-3 Dex-4 Stlth-}
  2644 | D        | Entered arena 23.
  2651 | D        | Noticed a spriggan air mage
  2651 | D        | Noticed a spriggan druid
  2651 | D        | Noticed a spriggan druid
  2651 | D        | Noticed a dire elephant
  2651 | D        | Noticed a wind drake
  2651 | D        | Noticed a spriggan air mage
  2651 | D        | Noticed a wolf
  2651 | D        | Noticed a spriggan defender
  2651 | D        | Noticed a wind drake
  2651 | D        | Noticed a spriggan air mage
  2651 | D        | Noticed a yak
  2651 | D        | Noticed a spriggan defender
  2651 | D        | Noticed a spriggan air mage
  2652 | D        | Noticed an oklob plant
  2652 | D        | Noticed a spriggan defender
  2652 | D        | Noticed a yak
  2652 | D        | Noticed a wind drake
  2652 | D        | Noticed a dire elephant
  2652 | D        | Noticed a spriggan defender
  2652 | D        | Noticed a spriggan air mage
  2652 | D        | Noticed a spriggan defender
  2652 | D        | Noticed a spriggan defender
  2652 | D        | Noticed a spriggan berserker
  2652 | D        | Noticed a spriggan air mage
  2652 | D        | Noticed a spriggan air mage
  2652 | D        | Noticed a spriggan berserker
  2653 | D        | Noticed a spriggan defender
  2653 | D        | Noticed a thorn hunter
  2653 | D        | Noticed a spriggan berserker
  2653 | D        | Killed a wolf
  2654 | D        | Killed a spriggan defender
  2654 | D        | Killed a spriggan air mage
  2654 | D        | Killed a spriggan druid
  2654 | D        | Killed a yak
  2654 | D        | Killed a spriggan air mage
  2654 | D        | Killed a spriggan defender
  2654 | D        | Killed a spriggan defender
  2654 | D        | Killed a spriggan defender
  2654 | D        | Killed a spriggan air mage
  2654 | D        | Killed a spriggan defender
  2654 | D        | Killed a spriggan berserker
  2654 | D        | Killed a spriggan defender
  2655 | D        | Noticed a thorn hunter
  2655 | D        | Noticed a spriggan defender
  2655 | D        | Noticed a dryad
  2655 | D        | Killed a wind drake
  2655 | D        | Killed a spriggan air mage
  2655 | D        | Killed a spriggan berserker
  2656 | D        | Killed a wind drake
  2656 | D        | Killed a spriggan defender
  2656 | D        | Killed a spriggan berserker
  2656 | D        | Killed a spriggan air mage
  2657 | D        | Noticed a spriggan druid
  2657 | D        | Killed a thorn hunter
  2657 | D        | Killed a spriggan druid
  2657 | D        | Killed a yak
  2657 | D        | Killed a dryad
  2659 | D        | Noticed a spriggan berserker
  2660 | D        | Noticed a spriggan druid
  2661 | D        | Noticed a spriggan air mage
  2663 | D        | Noticed a spriggan berserker
  2663 | D        | Noticed a fire drake
  2663 | D        | Noticed a fire drake
  2666 | D        | Noticed a spriggan berserker
  2670 | D        | Killed a spriggan berserker
  2671 | D        | Killed a dire elephant
  2671 | D        | Killed a spriggan druid
  2674 | D        | Killed a spriggan air mage
  2674 | D        | Killed a thorn hunter
  2674 | D        | Killed a spriggan air mage
  2674 | D        | Killed a spriggan air mage
  2674 | D        | Killed a fire drake
  2674 | D        | Killed a spriggan druid
  2675 | D        | Killed a spriggan berserker
  2677 | D        | Killed a dire elephant
  2677 | D        | Killed a fire drake
  2680 | D        | Killed a spriggan berserker
  2686 | D        | Killed a spriggan defender
  2688 | D        | Killed a wind drake
  2698 | D        | Killed an oklob plant
  2776 | D        | Entered arena 24.
  2783 | D        | Noticed a soul eater
  2783 | D        | Noticed a skeletal warrior
  2783 | D        | Noticed a ghoul
  2783 | D        | Noticed a shadow dragon
  2783 | D        | Noticed a shadow dragon
  2783 | D        | Noticed a soul eater
  2783 | D        | Noticed a bone dragon
  2783 | D        | Noticed a shadow dragon
  2784 | D        | Noticed a ghoul
  2784 | D        | Noticed a soul eater
  2784 | D        | Noticed a soul eater
  2784 | D        | Noticed a ghoul
  2784 | D        | Noticed a soul eater
  2784 | D        | Noticed a soul eater
  2784 | D        | Noticed a shadow dragon
  2784 | D        | Noticed a shadow dragon
  2784 | D        | Noticed a bone dragon
  2784 | D        | Noticed a shadow dragon
  2785 | D        | Noticed a shadow dragon
  2786 | D        | Noticed a necrophage
  2786 | D        | Noticed a soul eater
  2788 | D        | Killed a necrophage
  2789 | D        | Killed a soul eater
  2789 | D        | Killed a skeletal warrior
  2789 | D        | Killed a soul eater
  2789 | D        | Killed a soul eater
  2789 | D        | Killed a soul eater
  2789 | D        | Killed a soul eater
  2789 | D        | Killed a soul eater
  2790 | D        | Killed a soul eater
  2801 | D        | Killed a ghoul
  2802 | D        | Killed a ghoul
  2805 | D        | Killed a ghoul
  2805 | D        | Killed a shadow dragon
  2805 | D        | Reached XP level 18. HP: 114/132 MP: 5/28
  2807 | D        | Killed a bone dragon
  2807 | D        | Killed a shadow dragon
  2808 | D        | Killed a shadow dragon
  2813 | D        | Killed a shadow dragon
  2819 | D        | Killed a shadow dragon
  2819 | D        | Killed a bone dragon
  2820 | D        | Killed a shadow dragon
  2821 | D        | Killed a shadow dragon
  2888 | D        | Entered arena 25.
  2919 | D        | Noticed a deep elf mage
  2919 | D        | Noticed a deep elf master archer
  2919 | D        | Noticed a deep elf mage
  2919 | D        | Noticed a wind drake
  2919 | D        | Noticed a deep elf blademaster
  2919 | D        | Noticed a deep elf sorcerer
  2919 | D        | Noticed a deep elf high priest
  2919 | D        | Noticed a deep elf high priest
  2919 | D        | Noticed a deep elf knight
  2919 | D        | Noticed a deep elf annihilator
  2919 | D        | Noticed a deep elf mage
  2919 | D        | Noticed a deep elf knight
  2919 | D        | Noticed a deep elf mage
  2919 | D        | Noticed a deep elf priest
  2920 | D        | Noticed a deep elf master archer
  2920 | D        | Noticed a deep elf master archer
  2920 | D        | Noticed a deep elf master archer
  2920 | D        | Noticed a deep elf conjurer
  2920 | D        | Noticed a deep elf summoner
  2920 | D        | Noticed a deep elf blademaster
  2920 | D        | Noticed a deep elf blademaster
  2921 | D        | Noticed a deep elf knight
  2921 | D        | Noticed a deep elf blademaster
  2921 | D        | Noticed a deep elf annihilator
  2921 | D        | Noticed a deep elf sorcerer
  2921 | D        | Noticed a deep elf master archer
  2921 | D        | Noticed a deep elf annihilator
  2921 | D        | Noticed a deep elf fighter
  2921 | D        | Noticed a deep elf high priest
  2921 | D        | Noticed a deep elf priest
  2921 | D        | Noticed a deep elf mage
  2921 | D        | Noticed a deep elf mage
  2921 | D        | Noticed a deep elf conjurer
  2921 | D        | Noticed a deep elf mage
  2922 | D        | Noticed a deep elf fighter
  2922 | D        | Noticed a deep elf fighter
  2922 | D        | Noticed a deep elf priest
  2922 | D        | Noticed a deep elf mage
  2922 | D        | Noticed a deep elf sorcerer
  2922 | D        | Noticed a deep elf knight
  2922 | D        | Noticed a deep elf master archer
  2922 | D        | Noticed an orc sorcerer
  2922 | D        | Noticed a deep elf high priest
  2922 | D        | Noticed a deep elf sorcerer
  2922 | D        | Killed a deep elf knight
  2922 | D        | Killed a deep elf mage
  2922 | D        | Killed a deep elf mage
  2922 | D        | Killed a deep elf sorcerer
  2922 | D        | Killed a deep elf blademaster
  2923 | D        | Noticed a deep elf fighter
  2923 | D        | Noticed a deep elf conjurer
  2923 | D        | Noticed a deep elf mage
  2923 | D        | Killed a deep elf fighter
  2923 | D        | Killed a deep elf high priest
  2923 | D        | Killed a deep elf mage
  2923 | D        | Killed a deep elf mage
  2923 | D        | Killed a deep elf knight
  2923 | D        | Killed a deep elf knight
  2923 | D        | Killed a deep elf high priest
  2923 | D        | Killed a deep elf mage
  2923 | D        | Killed a deep elf knight
  2923 | D        | Killed a deep elf priest
  2923 | D        | Killed a deep elf summoner
  2923 | D        | Killed a deep elf mage
  2923 | D        | Killed a deep elf mage
  2923 | D        | Killed a deep elf sorcerer
  2923 | D        | Killed a deep elf priest
  2923 | D        | Killed a deep elf conjurer
  2923 | D        | Killed a deep elf mage
  2923 | D        | Killed an orc sorcerer
  2923 | D        | Killed a deep elf fighter
  2924 | D        | Killed a deep elf annihilator
  2924 | D        | Killed a deep elf blademaster
  2924 | D        | Killed a deep elf blademaster
  2924 | D        | Killed a wind drake
  2924 | D        | Reached skill level 27 in Stealth
  2924 | D        | Killed a deep elf blademaster
  2924 | D        | Killed a deep elf master archer
  2924 | D        | Killed a deep elf priest
  2924 | D        | Killed a deep elf high priest
  2924 | D        | Killed a deep elf conjurer
  2924 | D        | Killed a deep elf mage
  2924 | D        | Killed a deep elf fighter
  2924 | D        | Killed a deep elf high priest
  2925 | D        | Killed a deep elf master archer
  2925 | D        | Killed a deep elf annihilator
  2925 | D        | Killed a deep elf master archer
  2925 | D        | Killed a deep elf annihilator
  2925 | D        | Killed a deep elf master archer
  2925 | D        | Killed a deep elf master archer
  2925 | D        | Killed a deep elf sorcerer
  2925 | D        | Killed a deep elf conjurer
  2925 | D        | Killed a deep elf master archer
  2925 | D        | Killed a deep elf sorcerer
  2925 | D        | Killed a deep elf fighter
  3008 | D        | Entered arena 26.
  3008 | D        | Noticed a hell hound
  3008 | D        | Noticed a hell hound
  3008 | D        | Noticed a fire vortex
  3010 | D        | Noticed a fire vortex
  3011 | D        | Noticed a fire vortex
  3013 | D        | Noticed a fire vortex
  3015 | D        | Noticed a hell hound
  3015 | D        | Noticed a hell hound
  3015 | D        | Killed a hell hound
  3016 | D        | Noticed a hell hound
  3017 | D        | Noticed a hell hound
  3017 | D        | Killed a hell hound
  3019 | D        | Noticed a hell hog
  3019 | D        | Noticed a hell hog
  3019 | D        | Noticed a fire elemental
  3020 | D        | Noticed a fire elemental
  3021 | D        | Noticed an orb of fire
  3021 | D        | Noticed a fire elemental
  3021 | D        | Noticed a fire dragon
  3021 | D        | Noticed a fire dragon
  3021 | D        | Noticed an efreet
  3021 | D        | Noticed a balrug
  3021 | D        | Killed a hell hound
  3021 | D        | Killed a hell hound
  3021 | D        | Killed a hell hound
  3021 | D        | Killed a hell hound
  3021 | D        | Killed a fire elemental
  3021 | D        | Killed a fire vortex
  3021 | D        | Killed a fire vortex
  3021 | D        | Killed a fire vortex
  3022 | D        | Noticed a balrug
  3022 | D        | Killed a hell hog
  3022 | D        | Killed a hell hog
  3022 | D        | Killed a fire elemental
  3022 | D        | Killed a fire elemental
  3022 | D        | Killed an efreet
  3022 | D        | Reached XP level 19. HP: 138/144 MP: 23/29
  3023 | D        | Noticed a fire vortex
  3023 | D        | Noticed a hell hog
  3023 | D        | Noticed a fire giant
  3023 | D        | Noticed a fire dragon
  3023 | D        | Noticed a fire giant
  3023 | D        | Killed a balrug
  3023 | D        | Killed a fire vortex
  3023 | D        | Killed a hell hog
  3023 | D        | Gained mutation: You are clumsy. (Dex -2) [an orb of fire]
  3024 | D        | Noticed a hell hog
  3024 | D        | Noticed a fire giant
  3024 | D        | Noticed an orb of fire
  3024 | D        | Killed an orb of fire
  3024 | D        | Killed a fire dragon
  3024 | D        | Killed a balrug
  3025 | D        | Noticed a fire elemental
  3025 | D        | Noticed a fire elemental
  3025 | D        | Noticed a balrug
  3025 | D        | Noticed an orb of fire
  3025 | D        | Killed a fire dragon
  3025 | D        | Killed a hell hog
  3026 | D        | Noticed a fire giant
  3026 | D        | Noticed a hell hog
  3026 | D        | Noticed a balrug
  3027 | D        | Noticed an efreet
  3027 | D        | Killed a fire elemental
  3027 | D        | Killed a fire elemental
  3028 | D        | Noticed an efreet
  3028 | D        | Noticed a fire giant
  3028 | D        | Noticed a balrug
  3028 | D        | Noticed an efreet
  3028 | D        | Noticed a hell hog
  3028 | D        | Killed a fire giant
  3028 | D        | Killed an orb of fire
  3028 | D        | Killed a fire dragon
  3029 | D        | Killed a fire giant
  3029 | D        | Killed an orb of fire
  3029 | D        | Reached skill level 27 in Maces & Flails
  3029 | D        | Killed a hell hog
  3029 | D        | Killed a balrug
  3029 | D        | Killed a balrug
  3029 | D        | Reached skill level 27 in Armour
  3029 | D        | Killed a fire giant
  3029 | D        | Killed an efreet
  3029 | D        | Killed a hell hog
  3029 | D        | Killed an efreet
  3030 | D        | Noticed a fire drake
  3030 | D        | Noticed a balrug
  3031 | D        | Noticed an efreet
  3031 | D        | Noticed an efreet
  3031 | D        | Killed a balrug
  3031 | D        | Killed an efreet
  3032 | D        | Noticed an efreet
  3032 | D        | Killed a fire giant
  3032 | D        | Killed a fire drake
  3032 | D        | Killed an efreet
  3033 | D        | Killed a fire giant
  3033 | D        | Killed a balrug
  3033 | D        | Killed an efreet
  3033 | D        | Killed an efreet
  3036 | D        | Noticed a hell hog
  3050 | D        | Killed a hell hog
  3062 | D        | Noticed a balrug
  3063 | D        | Noticed a fire vortex
  3067 | D        | Noticed a fire giant
  3071 | D        | Killed a balrug
  3075 | D        | Killed a fire giant
  3077 | D        | Noticed a fire elemental
  3087 | D        | Killed a fire elemental
  3088 | D        | Noticed a fire giant
  3095 | D        | Killed a fire giant
  3112 | D        | Killed a fire vortex
  3148 | D        | Noticed a fire vortex
  3286 | D        | Killed a fire vortex
  3310 | D        | Killed a fire vortex
  3319 | D        | Entered arena 27.
  3319 | D        | Noticed a vampire
  3329 | D        | Killed a vampire
  3331 | D        | Noticed a Shadow Fiend
  3333 | D        | Noticed a ghoul
  3335 | D        | Noticed a shadow dragon
  3335 | D        | Noticed a shadow dragon
  3335 | D        | Noticed a shadow dragon
  3335 | D        | Noticed a Shadow Fiend
  3335 | D        | Noticed a shadow dragon
  3336 | D        | Noticed a ghoul
  3336 | D        | Noticed a Shadow Fiend
  3336 | D        | Noticed a ghoul
  3336 | D        | Noticed a wraith
  3336 | D        | Noticed a soul eater
  3337 | D        | Noticed a shadow dragon
  3337 | D        | Noticed a soul eater
  3337 | D        | Noticed a soul eater
  3337 | D        | Killed a wraith
  3338 | D        | Noticed a ghoul
  3338 | D        | Noticed a shadow dragon
  3339 | D        | Noticed a soul eater
  3339 | D        | Noticed a soul eater
  3339 | D        | Killed a Shadow Fiend
  3339 | D        | Killed a soul eater
  3339 | D        | Killed a soul eater
  3339 | D        | Killed a soul eater
  3340 | D        | Noticed a soul eater
  3340 | D        | Noticed a shadow dragon
  3340 | D        | Killed a Shadow Fiend
  3340 | D        | Killed a Shadow Fiend
  3340 | D        | Reached skill level 27 in Fighting
  3341 | D        | Noticed a shadow dragon
  3341 | D        | Noticed a soul eater
  3341 | D        | Noticed a skeletal warrior
  3341 | D        | Noticed a soul eater
  3342 | D        | Noticed a hellion
  3342 | D        | Noticed a ghoul
  3342 | D        | Killed a shadow dragon
  3343 | D        | Noticed a Shadow Fiend
  3344 | D        | Killed a ghoul
  3344 | D        | Killed a ghoul
  3344 | D        | Killed a shadow dragon
  3345 | D        | Noticed a soul eater
  3345 | D        | Noticed a soul eater
  3345 | D        | Noticed a shadow dragon
  3345 | D        | Noticed a soul eater
  3346 | D        | Noticed a Shadow Fiend
  3346 | D        | Noticed a wraith
  3346 | D        | Killed a shadow dragon
  3349 | D        | Killed a shadow dragon
  3350 | D        | Noticed a shadow dragon
  3350 | D        | Killed a shadow dragon
  3352 | D        | Noticed a soul eater
  3354 | D        | Killed a skeletal warrior
  3354 | D        | Reached XP level 20. HP: 108/157 MP: 18/30
  3354 | D        | Killed a shadow dragon
  3354 | D        | Killed a soul eater
  3355 | D        | Killed a shadow dragon
  3355 | D        | Killed a soul eater
  3355 | D        | Killed a ghoul
  3355 | D        | Killed a soul eater
  3355 | D        | Killed a hellion
  3355 | D        | Killed a shadow dragon
  3355 | D        | Killed a shadow dragon
  3355 | D        | Killed a wraith
  3356 | D        | Killed a ghoul
  3356 | D        | Killed a shadow dragon
  3356 | D        | Killed a soul eater
  3356 | D        | Killed a soul eater
  3357 | D        | Killed a soul eater
  3358 | D        | Killed a soul eater
  3361 | D        | Killed a ghoul
  3363 | D        | Killed a Shadow Fiend
  3367 | D        | Killed a Shadow Fiend
  3367 | D        | Reached skill level 27 in Dodging
  3368 | D        | Killed a soul eater
  3368 | D        | Reached skill level 1 in Polearms
  3368 | D        | Reached skill level 1 in Throwing
  3368 | D        | Reached skill level 1 in Unarmed Combat
  3368 | D        | Reached skill level 1 in Spellcasting
  3368 | D        | Reached skill level 1 in Evocations
  3369 | D        | Killed a soul eater
  3649 | D        | Got the ring of Kuss {rElec rPois rF+ Int+6}
  3674 | D        | Got the Orb of Zot
  3679 | D        | Escaped with the Orb!

Vault maps used:
D:        sprint_v

Action                   |  1- 3 |  4- 6 |  7- 9 | 10-12 | 13-15 | 16-18 | 19-21 || total
-------------------------+-------+-------+-------+-------+-------+-------+-------++-------
Melee: Shillelagh        |     2 |     5 |    33 |    47 |    73 |    98 |    52 ||   310
Invok: Slouch            |       |       |     2 |    20 |    33 |    38 |    20 ||   113
  Use: Potion            |     1 |       |       |       |     5 |     3 |     5 ||    14
       Scroll            |       |       |       |       |     1 |       |       ||     1
 Stab: Confused          |       |       |     1 |       |       |       |       ||     1
       Distracted        |       |       |       |       |       |       |     1 ||     1
  Eat: Chunk             |       |     3 |       |       |       |       |       ||     3
       Royal jelly       |       |       |       |     1 |       |     3 |       ||     4
       Meat ration       |       |       |       |       |     2 |       |     1 ||     3
